 Dungeon Crawl Stone Soup version 0.30.0-29-ga12c61a403 (webtiles) character file.

Game seed: 3388798698842647846

1849 seaoflcl the Chopper (level 8, -1/71 HPs)
             Began as a Minotaur Fighter on June 16, 2023.
             Was an Initiate of Gozag.
             Slain by a wyvern (7 damage)
             ... on level 6 of the Dungeon.
             The game lasted 00:08:20 (5872 turns).

seaoflcl the Chopper (Minotaur Fighter)             Turns: 5872, Time: 00:08:21

Health: -1/71      AC: 14    Str: 24    XL:     8   Next: 88%
Magic:  7/7        EV:  6    Int:  5    God:    Gozag
Gold:   149        SH:  5    Dex:  9    Spells: 7/7 levels left

rFire   . . .        r - +0 hand axe (flame)
rCold   . . .        c - +0 buckler
rNeg    . . .        y - +0 plate armour
rPois   .            (helmet restricted)
rElec   .            (no cloak)
rCorr   .            n - +0 pair of gloves
SInv    .            (no boots)
Will    .....        o - amulet of regeneration Stlth
                     (no ring)
HPRegen 1.11/turn    (no ring)
MPRegen 0.10/turn

%: no passive effects
@: hasted, very quick
A: horns 2, retaliatory headbutt
a: Renounce Religion, Potion Petition, Call Merchant, Bribe Branch


You were on level 6 of the Dungeon.
You worshipped Gozag.
Gozag was aware of your devotion.
You visited 2 branches of the dungeon, and saw 7 of its levels.

You collected 228 gold pieces.
You paid 79 gold pieces to Gozag.

Inventory:

Hand Weapons
 a - a +0 war axe
 r - a +0 hand axe of flaming (weapon)
 t - the +6 trident "Qyphewneo" {venom, MP+9 Str+4 Dex-5}
   (You found it on level 3 of the Dungeon)

   Str:       It affects your strength (+4).
   Dex:       It affects your dexterity (-5).
   MP:        It affects your magic capacity (+9).
 C - a +2 trident of freezing
Missiles
 f - 5 poisoned darts (quivered)
 l - 5 javelins
 x - 3 boomerangs
 E - 2 throwing nets
Armour
 c - a +0 buckler (worn)
 n - a +0 pair of gloves (worn)
 y - a +0 plate armour (worn)
Jewellery
 o - an amulet of regeneration (around neck)
 p - an amulet of guardian spirit
Wands
 b - a wand of acid (9)
Scrolls
 e - 2 scrolls of teleportation
 g - a scroll of vulnerability
 h - 2 scrolls of poison {unknown}
 i - 3 scrolls of fog
 j - a scroll of enchant armour
 q - a scroll of brand weapon {unknown}
 s - a scroll of immolation {unknown}
 w - 2 scrolls of enchant weapon {unknown}
 z - a scroll of acquirement {unknown}
 B - a scroll of magic mapping
 D - a scroll of fear {unknown}
Potions
 d - 2 potions of might
 u - a potion of invisibility


   Skills:
 + Level 6.4 Fighting
 * Level 7.9(8.5) Axes
 + Level 4.3(6.7) Polearms
 + Level 4.0 Throwing
 + Level 6.4 Armour
 + Level 6.5 Shields


You had 7 spell levels left.
You didn't know any spells.
Your spell library contained the following spells:

 Spells                   Type           Power      Damage    Failure   Level
 Necrotise                Necr           0%         1d4       100%        1
 Vampiric Draining        Necr           0%         2d6       100%        3
 Manifold Assault         Tloc           0%         N/A       100%        4
 Agony                    Necr           0%         N/A       100%        5
 Dispersal                Tloc           0%         N/A       100%        6
 Disjunction              Tloc           0%         N/A       100%        8


Dungeon Overview and Level Annotations

Branches:
Dungeon (6/15)             Temple (1/1) D:6

Altars:
Ashenzari
Cheibriados
Dithmenos
Elyvilon
Fedhas
Gozag
Hepliaklqana
Makhleb
Nemelex Xobeh
Okawaru
Qazlal
Ru
Sif Muna
Trog
Vehumet
Wu Jian
Xom
Yredelemnul
The Shining One

Annotations:
D:6 Prince Ribbit


Innate Abilities, Weirdness & Mutations

You have a pair of horns on your head.
You reflexively headbutt those who attack you in melee.


Message History

You closely miss Prince Ribbit.
Prince Ribbit blinks!
You block the shadow imp's attack.
Your surroundings suddenly seem different.
A hound, a water moccasin, a sky beast and a wyvern come into view.
Found seven items.
The water moccasin hisses angrily.
The wyvern hisses angrily.
The water moccasin bites you but does no damage.
The wyvern bites you!
* * * LOW HITPOINT WARNING * * *
You block the water moccasin's attack.
It was a potion of invisibility.
You fade into invisibility!
The wyvern bites you but does no damage.
The sky beast hits you but does no damage.
The water moccasin bites you.
* * * LOW HITPOINT WARNING * * *
It was a potion of cancellation.
Your magical effects are unravelling.
You feel magically purged.
You flicker back into view.
You block the wyvern's attack.
The water moccasin bites you but does no damage.
The hound bites you but does no damage.
The sky beast flickers out of sight!
Deactivating autopickup; reactivate with Ctrl-A.
Something hits you but does no damage. The wyvern barely misses you.
The hound bites you but does no damage.
The water moccasin bites you but does no damage.
It was a potion of haste.
You feel yourself speed up.
The wyvern hisses menacingly.
You block the wyvern's attack. Something hits you but does no damage.
The hound bites you.
* * * LOW HITPOINT WARNING * * *
The water moccasin barely misses you.
The water moccasin bites you but does no damage.
As you open the door, it creaks loudly!
A centaur comes into view.
The centaur shouts!
The wyvern bites you!
You die...
Your body crumbles into a pile of gold.

$$ #... #...
#########...
#........... ####
#########...
##?!$## ##>.......
##....h##
###....>....
+....:l.#
#....#######
#...8.S@# ##...# #
#.......'....#####
# ##.....##...c# #
##)/?## #.!## ##
#### ### #.
#############.
#.............
####....####..
#..........


You could see a water moccasin, a wyvern, a centaur and a hound.

Vanquished Creatures
  Menkaure (D:6)
  Duvessa (D:4)
  A water moccasin (D:5)
  2 orc warriors
  A black bear (D:6)
  An ice beast (D:6)
  An ogre (D:4)
  A centaur (D:5)
  A bullfrog (D:4)
  2 gnoll sergeants
  A scorpion (D:4)
  Dowan (D:4)
  A jelly (D:4)
  2 hounds
  4 orc priests
  3 iguanas
  An orc wizard (D:4)
  17 gnolls
  5 adders
  A shadow imp (D:5)
  2 white imps
  An ufetubus (D:5)
  5 worms
  5 dart slugs
  19 orcs
  6 bats
  6 endoplasms
  3 giant cockroaches
  9 goblins
  10 hobgoblins
  5 jackals
  7 quokkas
  8 ball pythons
  4 frilled lizards
  8 kobolds
  5 rats
151 creatures vanquished.

Notes
Turn   | Place    | Note
-------+----------+-------------------------------------------
     0 | D:1      | seaoflcl the Minotaur Fighter began the quest for the Orb.
     0 | D:1      | Reached XP level 1. HP: 19/19 MP: 0/0
   301 | D:1      | Reached XP level 2. HP: 25/27 MP: 1/1
   304 | D:1      | Reached skill level 3 in Axes
   728 | D:2      | Reached XP level 3. HP: 27/33 MP: 2/2
  1154 | D:2      | Reached XP level 4. HP: 40/40 MP: 3/3
  1252 | D:2      | Reached skill level 1 in Throwing
  1850 | D:3      | Reached skill level 4 in Axes
  1965 | D:3      | Found a faded altar of an unknown god.
  2092 | D:3      | Reached XP level 5. HP: 45/46 MP: 4/4
  2192 | D:3      | Identified the +6 trident "Qyphewneo" {venom, MP+9 Str+4
                  | Dex-5}
  2411 | D:4      | Noticed an ogre
  2415 | D:4      | Killed an ogre
  2426 | D:4      | Reached skill level 1 in Polearms
  2426 | D:4      | Reached XP level 6. HP: 50/53 MP: 5/5
  2468 | D:4      | Reached skill level 5 in Axes
  2511 | D:4      | Found a blossoming altar of Fedhas.
  2551 | D:4      | Reached skill level 5 in Shields
  2601 | D:4      | Reached skill level 5 in Armour
  2674 | D:4      | Reached skill level 5 in Fighting
  2674 | D:4      | Reached XP level 7. HP: 61/61 MP: 6/6
  3384 | D:4      | Noticed Duvessa
  3384 | D:4      | Noticed Dowan
  3396 | D:4      | Killed Dowan
  3397 | D:4      | Reached skill level 6 in Axes
  3404 | D:4      | Killed Duvessa
  3717 | D:5      | Entered Level 5 of the Dungeon
  3890 | D:5      | Reached XP level 8. HP: 69/69 MP: 7/7
  4430 | D:5      | Reached skill level 7 in Axes
  4882 | D:6      | Noticed Menkaure
  4900 | D:6      | Found a staircase to the Ecumenical Temple.
  5159 | D:6      | Killed Menkaure
  5308 | Temple   | Entered the Ecumenical Temple
  5775 | D:6      | Found an opulent altar of Gozag.
  5807 | D:6      | Became a worshipper of Gozag Ym Sagoz the Greedy
  5850 | D:6      | Noticed Prince Ribbit
  5872 | D:6      | Slain by a wyvern

Illustrated notes

Levels and vault maps discovered:
D:1:      matt_arrival_refuge, layout_basic
D:2:      layout_basic
D:3:      layout_basic, basic_ecumenical_altar
D:4:      layout_gridville, fedhas_altar_2, minmay_starry_boxes, uniq_duvessa
D:5:      layout_basic
D:6:      minmay_bubble_buster, layout_rooms, nicolae_overflow_crystal_walls,
          minmay_temple_entry_wispy, uniq_prince_ribbit1, uniq_menkaure
Temple:   bh_familiar_temple

Skill      XL: |  1  2  3  4  5  6  7  8 |
---------------+-------------------------+-----
Axes           | 3 4 5 6 7 |  7.9
Shields        | 4 5 6 |  6.5
Armour         | 4 5 6 |  6.4
Fighting       | 4 5 6 |  6.4
Throwing       | 1 2 3 4 |  4.0
Polearms       | 1 2 3 4 |  4.3

Action                     |  1- 3 |  4- 6 |  7- 9 || total
---------------------------+-------+-------+-------++-------
  Melee: War axe           |    66 |    24 |       ||    90
         Headbutt          |     8 |    23 |    35 ||    66
         Hand axe          |       |    78 |   174 ||   252
  Throw: Dart              |       |       |    10 ||    10
    Use: Scroll            |       |     4 |     4 ||     8
         Potion            |       |       |     9 ||     9
 Armour: Scale mail        |    38 |       |       ||    38
         Chain mail        |       |    36 |     9 ||    45
         Plate armour      |       |       |    96 ||    96
  Dodge: Dodged            |    44 |    45 |    56 ||   145
  Block: Buckler           |    15 |    25 |    58 ||    98
